 Dungeon Crawl Stone Soup version 0.18.1-48-g4cf74bf (webtiles) character file.

65 Lennu the Skirmisher (level 4, -3/35 HPs)
             Began as a Formicid Warper on July 5, 2016.
             Slain by a gnoll
             ... wielding a +0 club
              (4 damage)
             ... on level 2 of the Dungeon.
             The game lasted 00:04:49 (2155 turns).

Lennu the Skirmisher (Formicid Warper)              Turns: 2155, Time: 00:04:50

Health: -3/35      AC:  5    Str: 17    XL:     4   Next: 35%
Magic:  7/7        EV: 11    Int: 12    God:
Gold:   44         SH:  0    Dex: 10    Spells: 1 memorised, 6 levels left

rFire  . . .     SeeInvis +     a - +0 falchion
rCold  . . .     Gourm    .     k - +0 ring mail
rNeg   . . .     Faith    .     (no shield)
rPois  .         Spirit   .     (helmet unavailable)
rElec  .         Dismiss  .     (no cloak)
rCorr  .         Reflect  .     (no gloves)
SustAt .         Harm     .     (no boots)
MR     .....                    (no amulet)
Stlth  ..........               (no ring)
                                (no ring)

@: not resistant to hostile enchantments, extremely unstealthy
A: permanent stasis, dig shafts and tunnels, four strong arms, antennae 3
a: Dig, Shaft Self


You were on level 2 of the Dungeon.
You were full.

You visited 1 branch of the dungeon, and saw 2 of its levels.

You collected 44 gold pieces.

Inventory:

Hand Weapons
 a - a +0 falchion (weapon)
Missiles
 t - 3 javelins of penetration (quivered)
Armour
 b - a +0 leather armour
 k - a +0 ring mail (worn)
Scrolls
 d - a scroll of blinking
 e - a scroll of fog {unknown}
 i - a scroll of teleportation {unknown}
 j - a scroll of enchant armour {unknown}
 l - 2 scrolls of identify {unknown}
 n - a scroll of immolation {unknown}
 q - a scroll of remove curse {unknown}
 r - a scroll of fear {unknown}
 s - a scroll of enchant weapon {unknown}
Potions
 o - a potion of brilliance {unknown}
 p - a potion of curing {unknown}
Books
 c - a book of Spatial Translocations

   Spells                             Type                      Level
   a - Apportation                    Translocation                1
   b - Blink                          Translocation                2
   c - Shroud of Golubria             Charms/Translocation         2
   d - Portal Projectile              Translocation                3
   e - Teleport Other                 Translocation                3
   f - Passage of Golubria            Translocation                4
Comestibles
 f - 2 bread rations
 g - 2 chunks of flesh
 h - a beef jerky


   Skills:
 * Level 3.0 Fighting
 * Level 2.5 Long Blades
 + Level 1.0 Throwing
 * Level 1.5 Armour
 * Level 2.5 Dodging
 + Level 2.4 Spellcasting
 + Level 2.8 Translocations


You had 6 spell levels left.
You knew the following spells:

 Your Spells              Type           Power        Failure   Level  Hunger
a - Apportation           Tloc           #.........   17%         1    ##.....


Dungeon Overview and Level Annotations

Branches:
Dungeon (2/15)

Altars:


Innate Abilities, Weirdness & Mutations

You are under a permanent stasis effect.
You can dig through walls and to a lower floor.
Your four strong arms can wield two-handed weapons with a shield.
You have a pair of large antennae on your head (SInv).


Message History

You hit the gnoll.
The gnoll is moderately wounded.
The gnoll hits you with a club!
The gnoll hits you from afar with a spear.
You hit the gnoll.
The gnoll is heavily wounded.
The gnoll hits you but does no damage. x2
You barely miss the gnoll.
The gnoll is heavily wounded.
The gnoll barely misses you. The gnoll hits you with a club!
You barely miss the gnoll.
The gnoll is heavily wounded.
The gnoll completely misses you. The gnoll hits you with a club.
* * * LOW HITPOINT WARNING * * *
You hit the gnoll but do no damage.
The gnoll is heavily wounded.
The gnoll hits you from afar with a spear!
* * * LOW HITPOINT WARNING * * *
The gnoll hits you with a club.
You die...

.# #.# # #.# .#
#####.#.#..< .#
#...#.#.#.# .#
.......{. .# .#
###.#.#.#.... .#
#........{.gg .#
###.#g#.#.... .#
#...#g# # . .# {
#...#@# .# #...#.#
.# #...#.# .# ##
######...#.# .#
#.##........#.#
..#........#.#
#####.#........#.#
..........#+##.#.#
#####..##.#+##'#.#


You could see 2 gnolls.

Vanquished Creatures
  2 adders
  An ooze (D:1)
  A worm (D:2)
  A dart slug (D:1)
  A giant cockroach (D:2)
  4 goblins (D:1)
  6 hobgoblins
  4 jackals (D:1)
  4 kobolds
  4 bats (D:1)
  9 rats
37 creatures vanquished.

Notes
Turn   | Place    | Note
--------------------------------------------------------------
     0 | D:1      | Lennu the Formicid Warper began the quest for the Orb.
     0 | D:1      | Reached XP level 1. HP: 16/16 MP: 3/3
   347 | D:1      | Reached XP level 2. HP: 15/22 MP: 5/5
   663 | D:1      | Reached XP level 3. HP: 28/28 MP: 6/6
  1539 | D:1      | Reached XP level 4. HP: 33/34 MP: 7/7
  1827 | D:2      | Reached skill level 3 in Fighting
  2155 | D:2      | HP: 1/35 [gnoll/spear (8)]
  2155 | D:2      | Slain by a gnoll

Skill      XL: |  1  2  3  4 |
---------------+-------------+-----
Dodging        | 2 |  2.5
Fighting       | 3 |  3.0
Long Blades    | |  2.5
Throwing       | |  1.0
Armour         | |  1.5
Spellcasting   | |  2.4
Translocations | |  2.8

Action                   |  1- 3 |  4- 6 || total
-------------------------+-------+-------++-------
Melee: Falchion          |    97 |    28 ||   125
Throw: Tomahawk          |       |     5 ||     5
  Eat: Chunk             |     2 |     1 ||     3
       Meat ration       |       |     1 ||     1
Armor: Ring mail         |    33 |     5 ||    38
       Leather armour    |     2 |       ||     2
Dodge: Dodged            |    82 |    15 ||    97
